 Dungeon Sprint DCSS version 0.27-a0-29-g2d0a2396b0 (webtiles) character file.

Game seed: 16558339539913726700

210 mhtbhm the Covered (level 5, -10/52 HPs)
             Began as a Minotaur Fighter on Jan 3, 2021.
             Was a Believer of the Shining One.
             Mangled by an orc warrior
             ... wielding a +2 halberd of venom
              (15 damage)
             ... in the Dungeon (Sprint IX: "|||||||||||||||||||||||||||||").
             The game lasted 00:01:08 (138 turns).

mhtbhm the Covered (Minotaur Fighter)                Turns: 138, Time: 00:01:08

Health: -10/52     AC: 16    Str: 22    XL:     5   Next: 57%
Magic:  4/4        EV:  7    Int:  8    God:    the Shining One [**....]
Gold:   0          SH: 11    Dex:  9    Spells: 4/4 levels left

rFire    . . .     SeeInvis .   m - +2 scimitar (holy)
rCold    . . .     Faith    .   c - +0 kite shield
rNeg     + . .     Spirit   .   b - +1 chain mail
rPois    .         Reflect  .   (helmet restricted)
rElec    .         Harm     .   n - +0 cloak
rCorr    .         Rampage  .   (no gloves)
Will     .....     NoTele   +   o - +0 pair of boots
Stlth    ..........             (no amulet)
HPRegen  0.17/turn              p - +2 ring of protection
MPRegen  0.09/turn              q - +3 ring of intelligence

@: lethally poisoned (-10 -> -16), glowing
A: retaliatory headbutt, horns 2
a: Renounce Religion, Divine Shield


You were in the Dungeon.
You worshipped the Shining One.
The Shining One was pleased with you.
You visited 1 branch

Inventory:

Hand Weapons
 m - a +2 scimitar of holy wrath (weapon)
Armour
 b - a +1 chain mail (worn)
 c - a +0 kite shield (worn)
 n - a +0 cloak (worn)
 o - a +0 pair of boots (worn)
Jewellery
 p - a +2 ring of protection (left hand)
 q - a +3 ring of intelligence (right hand)
Wands
 a - a wand of acid (10)
Scrolls
 j - 2 scrolls of blinking
 k - 3 scrolls of remove curse
 l - 2 scrolls of amnesia
Potions
 d - a potion of might
 e - 4 potions of curing
 f - 3 potions of heal wounds
 g - a potion of haste
 h - 4 potions of magic
 i - a potion of berserk rage


   Skills:
 + Level 7.5 Fighting
 + Level 7.6 Long Blades
 + Level 7.8 Armour
 + Level 1.2 Dodging
 + Level 7.7 Shields


You had 4 spell levels left.
You didn't know any spells.
Your spell library was empty.

Dungeon Overview and Level Annotations

Branches:
Dungeon (1/1)

Altars:
Cheibriados
Dithmenos
Elyvilon
Fedhas
Gozag
Hepliaklqana
Kikubaaqudgha
Makhleb
Nemelex Xobeh
Okawaru
Qazlal
Ru
Sif Muna
Trog
Uskayaw
Vehumet
Wu Jian
Xom
Yredelemnul
Zin
The Shining One
Beogh
Jiyva
Lugonu


Innate Abilities, Weirdness & Mutations

You reflexively headbutt those who attack you in melee.
You have a pair of horns on your head.


Message History

You feel better. You block the orc warrior's attack.
You block the orc warrior's attack.
There is an open door to the Dungeon here.
Things that are here:
a cursed +0 dagger; a +0 robe; a quokka corpse You hit the orc warrior.
Your headbutt misses the orc warrior.
The orc warrior is lightly wounded.
The orc warrior barely misses you. You furiously retaliate!
You headbutt the orc warrior. You hit the orc warrior.
You headbutt the orc warrior.
The orc warrior is heavily wounded.
The orc warrior hits you with a +2 halberd of venom!
* * * LOW HITPOINT WARNING * * *
You are lethally poisoned!
You hit the orc warrior.
The orc warrior is heavily wounded.
* * * LOW HITPOINT WARNING * * *
You feel sick.
The orc warrior hits you with a +2 halberd of venom!
You die...

▓)▓
▓)▓
▓.▓
▓.▓
▓.▓
▓[▓
▓.▓
▓.▓
▓@▓
▓o▓
▓Y▓
▓.▓
▓.▓
▓.▓
▓.▓
▓+▓


You could see an orc warrior and an ice beast.

Vanquished Creatures
  A sky beast (D)
  A wight (D)
  An iguana (D)
  A worker ant (D)
  An adder (D)
  An adder skeleton (D)
  A bat zombie (D)
  3 goblins (D)
  A quokka (D)
  A frilled lizard (D)
  A kobold (D)
  A rat (D)
14 creatures vanquished.

Notes
Turn   | Place    | Note
-------+----------+-------------------------------------------
     0 | D        | mhtbhm the Minotaur Fighter began the quest for the Orb.
     0 | D        | Reached XP level 1. HP: 19/19 MP: 0/0
    21 | D        | Noticed an iguana
    26 | D        | Reached XP level 2. HP: 26/27 MP: 1/1
    29 | D        | Reached skill level 5 in Fighting
    29 | D        | Reached skill level 5 in Armour
    29 | D        | Reached skill level 5 in Shields
    29 | D        | Reached XP level 3. HP: 36/36 MP: 2/2
    37 | D        | Found a roughly hewn altar of Beogh.
    37 | D        | Found a snail-covered altar of Cheibriados.
    37 | D        | Found a shadowy altar of Dithmenos.
    37 | D        | Found a white marble altar of Elyvilon.
    37 | D        | Found a blossoming altar of Fedhas.
    37 | D        | Found an opulent altar of Gozag.
    38 | D        | Found a hazy altar of Hepliaklqana.
    39 | D        | Found a viscous altar of Jiyva.
    40 | D        | Found an ancient bone altar of Kikubaaqudgha.
    41 | D        | Found a corrupted altar of Lugonu.
    42 | D        | Found a burning altar of Makhleb.
    43 | D        | Found a sparkling altar of Nemelex Xobeh.
    44 | D        | Found an iron altar of Okawaru.
    45 | D        | Found a stormy altar of Qazlal.
    46 | D        | Found a sacrificial altar of Ru.
    47 | D        | Found a shimmering blue altar of Sif Muna.
    48 | D        | Found a bloodstained altar of Trog.
    49 | D        | Found a hide-covered altar of Uskayaw.
    50 | D        | Found a radiant altar of Vehumet.
    51 | D        | Found an ornate altar of the Wu Jian Council.
    52 | D        | Found a shimmering altar of Xom.
    61 | D        | Found a basalt altar of Yredelemnul.
    62 | D        | Found a glowing silver altar of Zin.
    63 | D        | Found a glowing golden altar of the Shining One.
    71 | D        | Became a worshipper of the Shining One
   119 | D        | Reached * piety under the Shining One
   119 | D        | Noticed a sky beast
   119 | D        | Noticed an orc warrior
   119 | D        | Noticed an ice beast
   120 | D        | Reached ** piety under the Shining One
   121 | D        | Reached skill level 5 in Long Blades
   121 | D        | Reached XP level 4. HP: 44/44 MP: 3/3
   133 | D        | Killed a sky beast
   134 | D        | Reached skill level 1 in Dodging
   134 | D        | Reached XP level 5. HP: 7/52 MP: 4/4
   138 | D        | Mangled by an orc warrior

Illustrated notes

Levels and vault maps discovered:
D:        linesprint [early_d, line_temple, items_1, d_10, items_2, lair_1,
          lair_end, items_3, orc_1, orc_end, items_4, d_15, swamp_1, shoals_1,
          snake_1, spider_1, d_20, vaults_1, items_5, swamp_end, shoals_end,
          snake_end, spider_end, vaults_end, d_27, items_6, zot_1, zot_end,
          crypt_end, forest_end, elf_end, slime_end, tomb_end, abyss_end,
          pan_hell_end]

Skill      XL: |  1  2  3  4 |
---------------+-------------+-----
Shields        | 4 5 6 7 |  7.7
Long Blades    | 3 4 5 7 |  7.6
Armour         | 4 5 6 7 |  7.8
Fighting       | 4 5 6 7 |  7.5
Dodging        | 1 |  1.2

Action                   |  1- 3 |  4- 6 || total
-------------------------+-------+-------++-------
Melee: Long sword        |    20 |       ||    20
       Headbutt          |     4 |     2 ||     6
       Scimitar          |     1 |    16 ||    17
  Use: Potion            |       |     1 ||     1
Armor: Scale mail        |     5 |       ||     5
       Chain mail        |     1 |     7 ||     8
Dodge: Dodged            |     7 |     4 ||    11
Block: Kite shield       |    15 |     7 ||    22
       Rpst.: Long sword |     5 |       ||     5

Table legend: (Time is in decaauts)
 A = Elapsed time spent in this place.
 B = Non-inter-level travel time spent in this place.
 C = Inter-level travel time spent in this place.
 D = Time resting spent in this place.
 E = Time spent auto-exploring this place.
 F = Levels seen in this place.
 G = Mean time per level.
                   A        B        C        D        E       F      G
               +--------+--------+--------+--------+--------+-----+--------+
         Total |    144 |    144 |      0 |      0 |     17 |   1 |  144.0 |
       Dungeon |    144 |    144 |      0 |      0 |     17 |   1 |  144.0 |
               +--------+--------+--------+--------+--------+-----+--------+

Top non-repeatable levels by time:
       D: 144 daAuts
